 Dungeon Crawl Stone Soup version 0.31.0-32-g396128a36d (webtiles) character file.

Game seed: 216898669547638408

44 spaghetti the Shooter (level 3, 0/32 HPs)
             Began as a Naga Hunter on Mar 18, 2024.
             Slain by a hobgoblin (6 damage)
             ... led by Robin
             ... on level 2 of the Dungeon.
             The game lasted 00:01:24 (978 turns).

spaghetti the Shooter (Naga Hunter)                  Turns: 978, Time: 00:01:25

Health: 0/32       AC:  2    Str: 13    XL:     3   Next: 62%
Magic:  3/3        EV:  9    Int:  9    God:
Gold:   83         SH:  0    Dex: 16    Spells: 2/2 levels left

rFire   . . .        a - +0 shortbow
rCold   . . .        (shield currently unavailable)
rNeg    . . .        c - +0 leather armour
rPois   +            (no helmet)
rElec   .            (no cloak)
rCorr   .            (no gloves)
SInv    +            (no barding)
Will    .....        (no amulet)
Stlth   ++           (no ring)
HPRegen 0.25/turn    (no ring)
MPRegen 0.08/turn

%: no passive effects
@: very slow
A: AC +1, large, see invisible, deformed body, poison resistance, slowness 2,
spit poison 1, naga tail 1
a: Spit Poison


You were on level 2 of the Dungeon.
You visited 1 branch of the dungeon, and saw 2 of its levels.

You collected 83 gold pieces.

Inventory:

Hand Weapons
 a - a +0 shortbow (weapon)
Armour
 c - a +0 leather armour (worn)
Scrolls
 b - a scroll of butterflies
 e - 2 scrolls of amnesia
 g - 2 scrolls of teleportation
 j - a scroll of enchant weapon
 k - a scroll of vulnerability
Potions
 f - a potion of ambrosia {unknown}
 h - a potion of mutation {unknown}
 i - 2 potions of attraction {unknown}


   Skills:
 - Level 2.0 Fighting
 - Level 3.9 Ranged Weapons
 - Level 1.5 Dodging
 - Level 1.5 Stealth
 + Level 1.7 Hexes
 + Level 1.7 Translocations


You had 2 spell levels left.
You didn't know any spells.
Your spell library contained the following spells:

 Spells                   Type           Power      Damage    Failure   Level
 Sigil of Binding         Hex            3%         N/A       58%         3
 Call Canine Familiar     Summ           0%         N/A       83%         3
 Dimensional Bullseye     Hex/Tloc       1%         N/A       94%         4


Dungeon Overview and Level Annotations

Branches:
Dungeon (2/15)

Altars:

Annotations:
D:2 Robin


Innate Abilities, Weirdness & Mutations

Your serpentine skin is tough. (AC +1)
You have supernaturally acute eyesight. (SInv)
Armour fits poorly on your strangely shaped body.
Your system is resistant to poisons. (rPois)
You cover ground very slowly.
You can spit poison.
You have a snake-like lower body.


Message History

A hobgoblin comes into view.
The hobgoblin hits you. x2
You are too injured to fight recklessly!
You are too injured to fight recklessly!
You are too injured to fight recklessly!
You are too injured to fight recklessly!
You are too injured to fight recklessly!
You are too injured to fight recklessly!
You are too injured to fight recklessly!
You are too injured to fight recklessly!
You are too injured to fight recklessly!
You are too injured to fight recklessly!
You are too injured to fight recklessly!
You are too injured to fight recklessly!
You are too injured to fight recklessly!
You are too injured to fight recklessly!
You are too injured to fight recklessly!
You are too injured to fight recklessly!
You are too injured to fight recklessly!
You are too injured to fight recklessly!
You are too injured to fight recklessly!
You are too injured to fight recklessly!
You are too injured to fight recklessly!
You are too injured to fight recklessly!
You are too injured to fight recklessly!
You are too injured to fight recklessly!
You are too injured to fight recklessly!
Unknown command.
The hobgoblin attacks as it pursues you!
The hobgoblin hits you. x3
Things that are here:
a +0 club; a +0 sling; a goblin corpse The hobgoblin attacks as it pursues you!
The hobgoblin hits you.
* * * LOW HITPOINT WARNING * * *
Okay, then.
The air fills with toxic fumes!
As you read the scroll labelled QIMUTAPHIUL, it crumbles to dust.
It was a scroll of poison.
The hobgoblin hits you.
You die...

.. #..# ......# #.
#§.#####§§§§§§.. .
#.###§..§##§§§§§§§.. ..
..§§§§[§§§§§§§§§§.. .....#
#.§§§§§#§§§§§§§§§.. .....#
#.§§§#§#§§§§§g§§§.)
.....###.§§§§§§§§g§§§§§§..
#...........#§§§§ggK§§§§).
#.#####.....##§§@#g....g..
†.# ###..§§§§§§§§##g....#.
.####...##§§###§## ###.##
.##...####...#### #
....### #.#.# (#### ..#.#
.. ..##.. ..# .## #.+ ...
## .#


You could see 2 hobgoblins, 2 goblins and a kobold.

Vanquished Creatures
  An adder (D:2)
  4 bats (D:1)
  2 endoplasms (D:1)
  4 giant cockroaches
  3 goblins (D:2)
  2 hobgoblins
  A kobold (D:1)
  4 quokkas
  3 ball pythons
  A frilled lizard (D:1)
  6 rats
31 creatures vanquished.

Notes
Turn   | Place    | Note
-------+----------+-------------------------------------------
     0 | D:1      | spaghetti the Naga Hunter began the quest for the Orb.
     0 | D:1      | Reached XP level 1. HP: 19/19 MP: 1/1
   230 | D:1      | Reached XP level 2. HP: 26/26 MP: 2/2
   486 | D:1      | Reached skill level 1 in Translocations
   492 | D:1      | Found a faded altar of an unknown god.
   500 | D:1      | Reached skill level 1 in Hexes
   820 | D:2      | Reached XP level 3. HP: 30/32 MP: 3/3
   969 | D:2      | Noticed Robin
   978 | D:2      | Slain by a hobgoblin

Illustrated notes

Levels and vault maps discovered:
D:1:      grunt_arrival_crossed_arrows, layout_loops_corners,
          ebering_ecumenical_altar_abandoned,
          nicolae_concentric_dashed_squares_mild
D:2:      layout_rooms, kennysheep_generic_room_3, uniq_robin

Skill      XL: |  1  2 |
---------------+-------+-----
Translocations | 1 |  1.7
Hexes          | 1 |  1.7
Fighting       | |  2.0
Ranged Weapons | |  3.9
Dodging        | |  1.5
Stealth        | |  1.5

Action                     || total
---------------------------++-------
   Fire: Shortbow          ||    95
    Use: Scroll            ||     5
 Armour: Leather armour    ||    36
  Dodge: Dodged            ||    17
